 Dungeon Crawl Stone Soup version 0.25.1-2-g60ff931df9 (webtiles) character file.

Game seed: 2611383356162062568

123349 Sondor the Stickfighter (level 16, -16/147 HPs)
             Began as a Demonspawn Gladiator on Sept 22, 2020.
             Was the Champion of Wu Jian.
             Shot with an arrow by a deep elf master archer (25 damage)
             ... on level 3 of the Elven Halls.
             The game lasted 00:48:25 (21707 turns).

Sondor the Stickfighter (Demonspawn Gladiator)     Turns: 21707, Time: 00:48:25

Health: -16/147    AC: 30    Str: 33    XL:     16   Next: 36%
Magic:  26/26      EV: 14    Int:  9    God:    Wu Jian [******]
Gold:   2037       SH:  0    Dex: 15    Spells: 15/15 levels left

rFire    . . .     SeeInvis .   a - +5 quarterstaff (freeze)
rCold    + . .     Gourm    .   (shield currently unavailable)
rNeg     . . .     Faith    .   U - +8 plate armour {ponderous}
rPois    .         Spirit   .   (helmet restricted)
rElec    +         Reflect  .   q - +2 cloak
rCorr    .         Harm     .   (no gloves)
MR       +....                  (no boots)
Stlth    ..........             O - amulet "Geim" {rElec Regen+ Str+3}
HPRegen  1.14/turn              e - +6 ring of strength
MPRegen  0.20/turn              w - ring of Xazeunor {MP+9 Str+2}

@: confused, very slightly contaminated, slow
A: horns 1, talons 2, thin metallic scales 3, cold resistance 1, demonic
guardian 2, dopey 1, regeneration 1, robust 1, spiny 2, strong 1
a: Wall Jump, Serpent's Lash, Heavenly Storm, Renounce Religion


You were on level 3 of the Elven Halls.
You worshipped Wu Jian.
Wu Jian was exalted by your worship.
You were very hungry.

You visited 4 branches of the dungeon, and saw 23 of its levels.
You visited the Abyss 1 time.
You also visited: Gauntlet.

You collected 2037 gold pieces.

Inventory:

Hand Weapons
 a - a +5 quarterstaff of freezing (weapon)
 b - the +3 war axe of Grace {vorpal, Int+3 Dex+3}
   (You took it off a centaur on level 8 of the Dungeon)

   It inflicts extra damage upon your enemies.
   It affects your intelligence (+3).
   It affects your dexterity (+3).
 o - a +2 executioner's axe of flaming
 J - the +6 flail "Juigiux" {antimagic, rElec rF- Int+4}
   (You found it on level 1 of the Lair of Beasts)

   It reduces the magical energy of the wielder, and disrupts the spells and
   magical abilities of those hit.
   Natural abilities and divine invocations are not affected.
   It affects your intelligence (+4).
   It makes you vulnerable to fire.
   It insulates you from electricity.
Missiles
 d - 6 throwing nets (quivered)
Armour
 c - a +2 helmet
 q - a +2 cloak (worn)
 v - a +3 leather armour of poison resistance
 z - the +1 chain mail "Faiw" {*Corrode rC+ Slay+5}
   (You found it on level 2 of the Elven Halls)

   It affects your accuracy and damage with ranged weapons and melee attacks
   (+5).
   It protects you from cold.
   It may corrode you when you take damage.
 K - +0 pearl dragon scales
 U - a +8 plate armour of ponderousness (worn)
Jewellery
 e - a +6 ring of strength (left hand)
 i - an uncursed amulet of regeneration
 k - an uncursed ring of protection from fire
 w - the ring of Xazeunor (right hand) {MP+9 Str+2}
   (You acquired it on level 1 of the Lair of Beasts)

   [ring of magical power]

   It affects your strength (+2).
   It affects your magic capacity (+9).
 x - an uncursed ring of magical power
 C - an uncursed ring of stealth
 O - the amulet "Geim" (around neck) {rElec Regen+ Str+3}
   (You took it off a minotaur in a Gauntlet)

   [amulet of regeneration]

   It affects your strength (+3).
   It insulates you from electricity.
   It increases your rate of regeneration.
 T - a +4 ring of protection
Wands
 j - a wand of iceblast (20)
 m - a wand of polymorph (14)
 n - a wand of enslavement (9)
 p - a wand of paralysis (8)
 s - a wand of random effects (17)
 u - a wand of disintegration (7)
 A - a wand of flame (64)
 B - a wand of acid (27)
 D - a wand of digging (10)
Scrolls
 t - 14 scrolls of remove curse
 y - 3 scrolls of teleportation
 F - 3 scrolls of amnesia
 H - 2 scrolls of identify
 I - a scroll of magic mapping
 N - a scroll of enchant weapon
 P - 3 scrolls of fog
 Z - 2 scrolls of enchant armour
Potions
 g - a potion of haste
 h - a potion of invisibility
 l - 4 potions of magic
 r - a potion of curing
 E - 2 potions of lignification
 G - 4 potions of stabbing
 M - a potion of cancellation
 S - a potion of resistance
 V - a potion of flight
 X - 2 potions of brilliance
 Y - a potion of might
Miscellaneous
 L - a tin of tremorstones (3/3)
 Q - a tin of tremorstones (3/3)
Comestibles
 f - 43 rations


   Skills:
 + Level 14.4 Fighting
 + Level 16.1 Staves
 + Level 1.9 Throwing
 + Level 10.6 Armour
 + Level 10.2 Dodging
 + Level 14.0 Stealth
 + Level 1.4 Evocations


You had 15 spell levels left.
You didn't know any spells.
Your spell library contained the following spells:

 Spells                   Type           Power        Failure   Level  Hunger
 Animate Skeleton         Necr           N/A          94%         1    ##.....
 Pain                     Necr           #...         94%         1    ##.....
 Vampiric Draining        Necr           #.........   100%        3    ####...
 Animate Dead             Necr           N/A          100%        4    #####..
 Agony                    Necr           #.......     100%        5    ######.


Dungeon Overview and Level Annotations

Branches:
Dungeon (12/15)            Temple (0/1) D:5            Lair (6/6) D:9
  Swamp (0/4) Lair:3        Snake (0/4) Lair:2        Slime (0/5) Lair:5
    Orc (2/2) D:12            Elf (3/3) Orc:2       Gauntlet (visited)

Altars:
Fedhas
Hepliaklqana
Makhleb
Nemelex Xobeh
Okawaru
Trog
Uskayaw
Wu Jian
Zin

Shops:
Orc:1 *::?

Annotations:
D:3 1 runed translucent door, Gaxx's ghost, amateur DsGl


Innate Abilities, Weirdness & Mutations

You have razor-sharp toenails.
You are completely covered in thin metallic scales. (AC +4, rElec)
Your flesh is cold resistant. (rC+)
A demonic guardian rushes to your aid.
You are mostly covered in sharp spines.
You have a pair of small horns on your head.
You are dopey. (Int -2)
Your natural rate of healing is unusually fast.
You are robust. (+10% HP)
Your muscles are strong. (Str +2)


Message History

Your orange demon barely misses the deep elf annihilator.
You are confused.
You feel invigorated.
The deep elf annihilator hits your orange demon with a +0 rapier!
Your orange demon stings the deep elf annihilator.
Your orange demon hits the deep elf annihilator.
The deep elf master archer shoots an arrow.
The arrow hits you!!
* * * LOW HITPOINT WARNING * * *
Your orange demon stings the deep elf annihilator.
Your orange demon closely misses the deep elf annihilator.
The deep elf master archer shoots an arrow.
The arrow hits you!!
* * * LOW HITPOINT WARNING * * *
The deep elf annihilator casts a spell.
The deep elf annihilator blinks!
The deep elf demonologist hits your orange demon with a +0 rapier.
The deep elf master archer shoots an arrow.
The arrow hits you!!
You die...

#..).e# #.. ##e## ###
#ee)# #.. #.4ยง# ###
#.[)# ###.##########
#.....##.###.##
####.......#[..#.######
#..e..@....#...#.......
#.###.#.##.#...#.)...##
#.###.#.....###......#.
#.##.....#............#
#.##..#.##..##.......##
#.##........##.........
#...........####......#
##...#.###........##..#
##.###..###.........##.#


You could see a deep elf master archer, a deep elf annihilator (empowered,
extremely poisoned), a deep elf demonologist (empowered), a deep elf high priest
and a friendly orange demon (summoned).

Vanquished Creatures
  Jorgrun (Elf:1)
  2 deep elf sorcerers (Elf:3)
  Aizul (Elf:2)
  A deep elf elementalist (Elf:3)
  3 deep elf demonologists (Elf:3)
  A minotaur (Gauntlet)
  A deep elf annihilator (Elf:3)
  2 deep elf death magi
  Josephine (D:12)
  Harold (D:10)
  4 hydras
  Erolcha (D:10)
  2 two-headed ogres
  26 dancing weapons
  Urug (Lair:1)
  A wretched star (Abyss:3)
  Nergalle (Lair:3)
  20 deep elf knights
  An unseen horror (D:11)
  Pikel (D:4)
  8 deep elf archers
  A harpy (Lair:6)
  An orc knight (Orc:2)
  3 orc sorcerers (Orc:1)
  A cyclops (Orc:2)
  36 deep elf magi
  A salamander (Lair:2)
  4 manticores
  17 elephants
  2 black mambas
  2 spiny frogs
  A torpor snail (Gauntlet)
  A rime drake (Lair:6)
  9 komodo dragons
  2 trolls
  6 polar bears
  5 hornets
  A wind drake (Lair:6)
  A bog body (Lair:3)
  6 dream sheep (Lair:5)
  2 slime creatures (Lair:5)
  A meliai (shapeshifter) (Elf:1)
  5 hippogriffs
  12 blink frogs
  A vampire (D:11)
  2 air elementals (Elf:2)
  5 wyverns
  4 wraiths (D:12)
  3 fire elementals (Elf:2)
  19 yaks
  8 water elementals
  3 hungry ghosts
  3 wargs (D:12)
  3 swamp worms (Lair:3)
  Duvessa (D:5)
  10 water moccasins
  6 porcupines
  11 orc warriors
  2 ice beasts
  6 sky beasts
  A sky beast (shapeshifter) (Elf:2)
  3 phantoms
  A slave (D:4)
  3 black bears
  4 eyes of draining
  A necrophage (D:8)
  8 ogres
  5 centaurs
  8 wolves (Lair:6)
  8 crocodiles
  18 bullfrogs
  A big kobold (D:9)
  4 earth elementals
  A gnoll sergeant (D:9)
  2 scorpions (D:8)
  6 killer bees (D:8)
  19 wights
  12 electric eels
  4 crimson imps
  2 bullfrog zombies
  5 centaur zombies
  4 jellies
  A quasit (D:6)
  5 bullfrog skeletons
  10 hounds
  A gnoll shaman (D:9)
  7 orc priests
  A centaur skeleton (D:8)
  Ijyb (D:5)
  4 iguanas
  8 orc wizards
  12 worker ants
  A killer bee zombie (D:10)
  2 hound zombies (D:4)
  2 howler monkey zombies (D:5)
  3 worker ant zombies
  10 gnolls
  15 adders
  7 shadow imps
  An adder zombie (D:4)
  2 oozes
  3 adder skeletons
  2 worms (D:2)
  3 dart slugs
  3 fire bats (D:3)
  9 leopard geckos
  52 orcs
  2 spectral bats (D:3)
  3 bat skeletons (D:3)
  A bat zombie (D:3)
  A giant cockroach (D:1)
  5 goblins
  3 hobgoblins
  2 jackals (D:6)
  3 quokkas
  2 ball pythons
  17 bats
  A bat simulacrum (D:3)
  2 frilled lizards
  A giant cockroach zombie (D:6)
  12 kobolds
  A leopard gecko zombie (D:4)
  A quokka zombie (D:6)
  10 rats
  2 crawling corpses (Elf:3)
641 creatures vanquished.

Vanquished Creatures (collateral kills)
  A dire elephant (Lair:6)
  A deep elf annihilator (Elf:1)
  A deep elf death mage (Elf:1)
  A hydra (Lair:1)
  A catoblepas (Lair:5)
  A merfolk avatar (Lair:6)
  Erica (Orc:1)
  A centaur warrior (D:12)
  A dancing weapon (Elf:2)
  A thrashing horror (Abyss:3)
  4 deep elf knights
  5 deep elf archers
  9 deep elf magi
  2 oklob plants
  8 elephants (Lair:6)
  A komodo dragon (Lair:5)
  A troll (D:9)
  A hornet (Lair:6)
  4 blink frogs (Lair:5)
  6 dream sheep (Lair:5)
  13 yaks
  A water moccasin (Lair:6)
  A porcupine (Lair:3)
  2 sky beasts
  An orc warrior (D:11)
  An ogre (Orc:1)
  2 phantoms
  A scorpion (D:8)
  Dowan (D:5)
  A vampire bat (D:3)
  2 electric eels
  A wight (D:10)
  An orc priest (D:10)
  A hound (D:9)
  A bullfrog skeleton (D:2)
  A hound zombie (D:4)
  A worker ant zombie (D:4)
  A howler monkey zombie (D:9)
  A gnoll (D:4)
  A worm (D:2)
  A leopard gecko (D:4)
  A giant cockroach (D:2)
  A kobold (D:9)
  A frilled lizard (D:2)
  A jackal zombie (D:4)
91 creatures vanquished.

Vanquished Creatures (others)
  A deep elf knight (Elf:3)
  An orc (D:4)
  A fire vortex (Lair:2)
  9 fungi
  16 plants
28 creatures vanquished.

Grand Total: 760 creatures vanquished

Notes
Turn   | Place    | Note
-------+----------+-------------------------------------------
     0 | D:1      | Sondor the Demonspawn Gladiator began the quest for the
                  | Orb.
     0 | D:1      | Reached XP level 1. HP: 16/16 MP: 1/1
   105 | D:1      | Gained mutation: You are partially covered in sharp spines.
                  | [demonic ancestry]
   105 | D:1      | Reached XP level 2. HP: 22/22 MP: 2/2
   111 | D:1      | Reached skill level 3 in Staves
   675 | D:2      | Gained mutation: A weak demonic guardian rushes to your
                  | aid. [demonic ancestry]
   675 | D:2      | Reached XP level 3. HP: 25/27 MP: 3/3
   926 | D:2      | Noticed an ogre
   936 | D:2      | Killed an ogre
   936 | D:2      | Reached skill level 4 in Staves
   936 | D:2      | Reached skill level 1 in Armour
   936 | D:2      | Reached XP level 4. HP: 34/34 MP: 4/4
   936 | D:2      | Reached XP level 5. HP: 39/39 MP: 5/5
  1041 | D:2      | Found a sparkling altar of Nemelex Xobeh.
  1065 | D:2      | Found a hazy altar of Hepliaklqana.
  1124 | D:2      | Found a faded altar of an unknown god.
  1304 | D:2      | Became a worshipper of the Wu Jian Council
  1304 | D:2      | Reached * piety under Wu Jian
  1388 | D:3      | Found a runed translucent door.
  1388 | D:3      | Noticed Gaxx's ghost (amateur DsGl)
  1739 | D:3      | Reached XP level 6. HP: 41/46 MP: 6/6
  1755 | D:3      | Reached ** piety under Wu Jian
  2060 | D:4      | Reached skill level 5 in Staves
  2132 | D:4      | Reached skill level 1 in Stealth
  2190 | D:4      | Gained mutation: You are partially covered in thin metallic
                  | scales. (AC +2) [demonic ancestry]
  2190 | D:4      | Reached XP level 7. HP: 49/52 MP: 7/7
  2512 | D:4      | Found an iron altar of Okawaru.
  2570 | D:4      | Reached skill level 6 in Staves
  2790 | D:4      | Noticed Pikel
  2804 | D:4      | Killed Pikel
  2804 | D:4      | Gained mutation: A demonic guardian rushes to your aid.
                  | [demonic ancestry]
  2804 | D:4      | Reached XP level 8. HP: 52/60 MP: 8/8
  2870 | D:5      | Entered Level 5 of the Dungeon
  2898 | D:5      | Reached skill level 7 in Staves
  2904 | D:5      | Reached *** piety under Wu Jian
  2958 | D:5      | Noticed Ijyb
  2966 | D:5      | Killed Ijyb
  2991 | D:5      | Found a glowing silver altar of Zin.
  3089 | D:5      | Noticed Dowan
  3091 | D:5      | Noticed Duvessa
  3097 | D:5      | Killed Dowan
  3111 | D:5      | Killed Duvessa
  3130 | D:5      | Reached skill level 5 in Dodging
  3240 | D:5      | Found a staircase to the Ecumenical Temple.
  3247 | D:5      | Reached skill level 8 in Staves
  3320 | D:5      | Reached XP level 9. HP: 66/67 MP: 9/9
  3578 | D:6      | Reached skill level 5 in Fighting
  3777 | D:6      | Reached **** piety under Wu Jian
  3863 | D:6      | Reached skill level 9 in Staves
  4999 | D:7      | Found a blossoming altar of Fedhas.
  5477 | D:8      | Reached skill level 5 in Stealth
  5500 | D:8      | Identified the +3 war axe of Grace {vorpal, Int+3 Dex+3}
  5519 | D:8      | Gained mutation: You are mostly covered in sharp spines.
                  | [demonic ancestry]
  5519 | D:8      | Reached XP level 10. HP: 42/76 MP: 10/10
  5874 | D:8      | Reached skill level 10 in Staves
  5938 | D:8      | Gained mutation: You possess an exceptional clarity of
                  | mind. [potion of mutation]
  5938 | D:8      | Gained mutation: You are agile. (Dex +2) [potion of
                  | mutation]
  6166 | D:8      | Reached ***** piety under Wu Jian
  6562 | D:8      | Found a burning altar of Makhleb.
  6562 | D:8      | Noticed an Executioner
  6941 | D:9      | Found a hide-covered altar of Uskayaw.
  7180 | D:9      | Found a staircase to the Lair.
  7468 | D:9      | Reached skill level 11 in Staves
  7518 | Lair:1   | Entered Level 1 of the Lair of Beasts
  7519 | Lair:1   | Identified a scroll of acquirement
  7519 | Lair:1   | Acquired the ring of Xazeunor {MP+9 Str+2}
  7682 | Lair:1   | Noticed a six-headed hydra
  7682 | Lair:1   | Noticed a black mamba
  7689 | Lair:1   | Killed a black mamba
  7689 | Lair:1   | Reached XP level 11. HP: 71/83 MP: 11/11
  7696 | Lair:1   | Killed a six-headed hydra
  7860 | Lair:1   | Got a shimmering flail
  7869 | Lair:1   | Identified the +6 flail "Juigiux" {antimagic, rElec rF-
                  | Int+4} (You found it on level 1 of the Lair of Beasts)
  8183 | Lair:1   | Noticed Urug
  8196 | Lair:1   | Killed Urug
  8999 | Lair:2   | Found a staircase to the Snake Pit.
  9541 | Lair:3   | Noticed an oklob plant
  9648 | Lair:3   | Found a staircase to the Swamp.
  9650 | Lair:3   | Noticed Nergalle
  9677 | Lair:3   | Killed Nergalle
  9957 | Lair:3   | Reached skill level 5 in Armour
 10245 | Lair:3   | Reached skill level 12 in Staves
 10362 | Lair:3   | Reached ****** piety under Wu Jian
 10581 | Lair:3   | Killed an oklob plant
 10972 | Lair:4   | Gained mutation: You have sharp toenails. [demonic
                  | ancestry]
 10972 | Lair:4   | Reached XP level 12. HP: 30/94 MP: 12/12
 11251 | Lair:4   | Found a sparkling altar of Nemelex Xobeh.
 11634 | Lair:5   | Reached skill level 10 in Stealth
 11779 | Lair:5   | Found a staircase to the Slime Pits.
 11879 | Lair:5   | Noticed a catoblepas
 11910 | Lair:5   | Killed a catoblepas
 12226 | Lair:5   | Noticed a five-headed hydra
 12233 | Lair:5   | Killed a five-headed hydra
 12233 | Lair:5   | Reached skill level 13 in Staves
 12607 | Lair:6   | Entered Level 6 of the Lair of Beasts
 12892 | Lair:6   | Gained mutation: You have razor-sharp toenails. [demonic
                  | ancestry]
 12892 | Lair:6   | Reached XP level 13. HP: 101/103 MP: 13/13
 12945 | Lair:6   | Reached skill level 10 in Fighting
 13565 | Lair:6   | Noticed a dire elephant
 13576 | Lair:6   | Killed a dire elephant
 14521 | D:10     | Entered Level 10 of the Dungeon
 14671 | D:10     | Reached skill level 14 in Staves
 14786 | D:10     | Noticed Erolcha
 14789 | D:10     | Killed Erolcha
 14821 | D:10     | Noticed Harold
 14833 | D:10     | Killed Harold
 15239 | D:10     | Found a bloodstained altar of Trog.
 15362 | D:11     | Found a gate leading to a gauntlet.
 15401 | Gauntlet | Entered a Gauntlet
 15401 | Gauntlet | Found a transporter.
 15411 | Gauntlet | Found a transporter.
 15414 | Gauntlet | Found a transporter.
 15415 | Gauntlet | Found a transporter.
 15423 | Gauntlet | Found a transporter.
 15426 | Gauntlet | Found a transporter.
 15427 | Gauntlet | Found a transporter.
 15438 | Gauntlet | Found a transporter.
 15438 | Gauntlet | Found a transporter.
 15439 | Gauntlet | Found a transporter.
 15447 | Gauntlet | Found a transporter.
 15450 | Gauntlet | Found a transporter.
 15451 | Gauntlet | Found a transporter.
 15458 | Gauntlet | Found a runed translucent door.
 15461 | Gauntlet | Found a transporter.
 15720 | Gauntlet | Identified the +1 plate armour of the Doldrums {+Fly SInv
                  | Stlth+}
 15720 | Gauntlet | Identified the amulet "Geim" {rElec Regen+ Str+3}
 15720 | Gauntlet | Noticed a minotaur
 15738 | Gauntlet | Killed a minotaur
 15858 | D:11     | Gained mutation: You are mostly covered in thin metallic
                  | scales. (AC +3) [demonic ancestry]
 15858 | D:11     | Reached XP level 14. HP: 113/113 MP: 14/14
 16844 | D:12     | Found a staircase to the Orcish Mines.
 16898 | D:12     | Noticed Josephine
 16914 | D:12     | Killed Josephine
 17300 | Orc:1    | Entered Level 1 of the Orcish Mines
 17300 | Orc:1    | Found Tuoth's Magic Scroll Shop.
 17300 | Orc:1    | Noticed Erica
 17318 | Orc:1    | Killed Erica
 17404 | Orc:1    | Found Hama's General Store.
 17494 | Orc:1    | Found Veifauc's Book Emporium.
 17495 | Orc:1    | Paralysed by an orc sorcerer for 3 turns
 17721 | Orc:1    | Found Tessehud's Book Emporium.
 17797 | Orc:2    | Entered Level 2 of the Orcish Mines
 17826 | Orc:2    | Found a staircase to the Elven Halls.
 17865 | Elf:1    | Entered Level 1 of the Elven Halls
 17967 | Elf:1    | Reached skill level 10 in Dodging
 18482 | Elf:1    | Noticed Jorgrun
 18492 | Elf:1    | Killed Jorgrun
 18492 | Elf:1    | Reached skill level 15 in Staves
 18609 | Elf:1    | Gained mutation: You are completely covered in thin
                  | metallic scales. (AC +4, rElec) [demonic ancestry]
 18609 | Elf:1    | Reached XP level 15. HP: 111/122 MP: 15/15
 19483 | Elf:2    | Got a steaming chain mail
 19491 | Elf:2    | Identified the +1 chain mail "Faiw" {*Corrode rC+ Slay+5}
                  | (You found it on level 2 of the Elven Halls)
 19554 | Elf:2    | Found a runed translucent gate.
 19554 | Elf:2    | Found a runed translucent gate.
 19556 | Elf:2    | Found a runed translucent gate.
 19663 | Elf:2    | Lost mutation: You are agile. (Dex +2) [potion of mutation]
 19663 | Elf:2    | Lost mutation: You possess an exceptional clarity of mind.
                  | [potion of mutation]
 19663 | Elf:2    | Gained mutation: You are robust. (+10% HP) [potion of
                  | mutation]
 19663 | Elf:2    | Gained mutation: You are dopey. (Int -2) [potion of
                  | mutation]
 19663 | Elf:2    | Gained mutation: You have sharp fingernails. [potion of
                  | mutation]
 19663 | Elf:2    | Gained mutation: Your natural rate of healing is unusually
                  | fast. [potion of mutation]
 19664 | Elf:2    | Lost mutation: You have sharp fingernails. [potion of
                  | mutation]
 19664 | Elf:2    | Gained mutation: Your muscles are strong. (Str +2) [potion
                  | of mutation]
 19664 | Elf:2    | Gained mutation: You have a pair of small horns on your
                  | head. [potion of mutation]
 20029 | Elf:2    | Noticed Aizul
 20046 | Elf:2    | Killed Aizul
 20235 | Elf:2    | HP: 3/137 [+2 executioner's axe of flaming (8)]
 20280 | Elf:2    | HP: 3/137 [deep elf mage/stone arrow (19)]
 20970 | Elf:3    | Entered Level 3 of the Elven Halls
 21092 | Elf:3    | Reached skill level 1 in Evocations
 21098 | Elf:3    | Gained mutation: Your flesh is cold resistant. (rC+)
                  | [demonic ancestry]
 21098 | Elf:3    | Reached XP level 16. HP: 130/146 MP: 16/16
 21164 | Elf:3    | Reached skill level 10 in Armour
 21635 | Elf:3    | Reached skill level 16 in Staves
 21643 | Elf:3    | Cast into level 3 of the Abyss (a deep elf demonologist)
 21689 | Elf:3    | Escaped the Abyss
 21691 | Elf:3    | Noticed a deep elf master archer
 21695 | Elf:3    | Noticed a Tzitzimitl
 21707 | Elf:3    | Shot with an arrow by a deep elf master archer

Illustrated notes

Levels and vault maps discovered:
D:1:      sevenhm_arrival_forest_fort_small_5, layout_basic, minmay_pentomino_z4
D:2:      minmay_evil_eye, layout_rooms, lemuel_crystal_altar,
          nemelex_altar_shiori, chequers_ecumenical_altar_simple_redux,
          hex_intersection, hangedman_decor_push
D:3:      layout_basic, hellmonk_ghost_happy_afterlife, goddamned_bats
D:4:      layout_gridville, okawaru_gym_becter, serial_undead, serial_undead_f,
          serial_undead_e, serial_undead_e, serial_undead_e, serial_undead_f,
          serial_undead_d, uniq_pikel
D:5:      layout_rooms, zin_academy, minmay_temple_entry_ruins, first_ration,
          minmay_manual_monstrance, uniq_duvessa, uniq_ijyb
D:6:      layout_loops_ring
D:7:      layout_layer_cave, fedhas_ov_isle_minmay, grunt_ogre_cave,
          nicolae_benzene_ring
D:8:      layout_rooms, makhleb_altar_promises_db
D:9:      layout_irregular_city, david_lair_shrubbed, basic_altar
D:10:     layout_irregular_city, st_stairs_5, trog_book, uniq_erolcha,
          uniq_harold
D:11:     layout_roguey, gauntlet_entry_generic, minmay_starry_boxes
D:12:     layout_basic, minmay_orc_entry_guard_dogs, uniq_josephine
Lair:1:   layout_hall_layers, serial_bayou_ford_a, serial_bayou_shore_a,
          grunt_megastairs_1, uniq_urug
Lair:2:   layout_gridlike, dummy_snake_entry, minivault_26, st_stairs_7
Lair:3:   layout_roguey, skrybe_swamp_entry_bodies, worms_lemuel, uniq_nergalle
Lair:4:   layout_regular_city, lemuel_oklob_altar, grunt_megastairs_5
Lair:5:   layout_roguey, minmay_slime_entry_pillars, st_stairs_13,
          beast_lair_carwin_5
Lair:6:   gammafunk_lair_ancient_temple, layout_gridlike, lemuel_fruit_tree
Orc:1:    layout_caves, serial_shops,
          nicolae_shop_temple_entry_statues_fountains, shop, shop,
          nicolae_shop_trees, shop, uniq_gastronok, uniq_erica, uniq_sonja
Orc:2:    st_orc_mages, layout_caves
Elf:1:    elf_arrival_001, layout_onion_city, minmay_elf_crystal_heptagon,
          serial_sigils_hangedman_gut, uniq_jorgrun
Elf:2:    layout_geoelf_octagon, uniq_aizul
Elf:3:    minmay_elf_hall_not_hex, layout_loops_cross, grunt_megastairs_3

Skill      XL: |  1  2  3  4  5  6  7  8  9 10 11 12 13 14 15 16 |
---------------+-------------------------------------------------+-----
Staves         | 3 4 5 6 8 9 11 12 13 14 15 16 | 16.1
Dodging        | 3 4 5 6 7 8 9 10 | 10.2
Armour         | 1 2 3 4 5 6 7 9 10 | 10.6
Fighting       | 3 4 5 7 8 9 11 12 14 | 14.4
Stealth        | 1 2 3 5 7 9 11 13 14 | 14.0
Evocations     | 1 |  1.4
Throwing       | |  1.9

Action                   |  1- 3 |  4- 6 |  7- 9 | 10-12 | 13-15 | 16-18 || total
-------------------------+-------+-------+-------+-------+-------+-------++-------
Melee: Quarterstaff      |    80 |    99 |   339 |   644 |  1019 |    89 ||  2270
       Kick              |       |       |       |   111 |   442 |    45 ||   598
       Headbutt          |       |       |       |       |    61 |    22 ||    83
Throw: Throwing net      |       |       |       |       |     2 |       ||     2
Invok: Lunge             |       |    12 |    28 |    36 |    85 |    11 ||   172
       Whirlwind         |       |       |     1 |     8 |    10 |       ||    19
Evoke: Wand              |       |       |       |     1 |     6 |     1 ||     8
  Use: Scroll            |       |     5 |     9 |     9 |    19 |     1 ||    43
       Potion            |       |       |     5 |    10 |    13 |     1 ||    29
 Stab: Sleeping          |       |     2 |    11 |    22 |    20 |       ||    55
       Distracted        |       |     1 |     3 |     4 |     6 |       ||    14
       Held in net/web   |       |       |       |       |     4 |       ||     4
  Eat: Chunk             |       |     4 |     9 |    16 |    22 |       ||    51
       Ration            |       |       |     2 |     2 |     2 |       ||     6
Armor: Leather armour    |    13 |    28 |    98 |   153 |   106 |       ||   398
       Plate armour      |       |       |       |       |   212 |    25 ||   237
Dodge: Dodged            |    58 |    76 |   213 |   381 |   394 |    26 ||  1148
